 Dungeon Crawl Stone Soup version 0.20.1-1-g8b1a95d (webtiles) character file.

11242 Linguinho the Grappler (level 11, -20/104 HPs)
             Began as a Troll Monk on Nov 13, 2017.
             Was the Champion of Cheibriados.
             Hit by a large rock thrown by a stone giant (48 damage)
             ... on level 1 of the Orcish Mines.
             The game lasted 00:14:59 (8274 turns).

Linguinho the Grappler (Troll Monk)                 Turns: 8274, Time: 00:15:00

Health: -20/104    AC:  6    Str: 41    XL:     11   Next: 46%
Magic:  13/13      EV: 16    Int: 21    God:    Cheibriados [******]
Gold:   426        SH:  3    Dex: 27    Spells: 10/10 levels left

rFire    . . .     SeeInvis .     - Unarmed
rCold    . . .     Gourm    +   (no shield)
rNeg     . . .     Faith    .   a - +0 robe
rPois    .         Spirit   .   (helmet restricted)
rElec    .         Reflect  +   o - +0 cloak
rCorr    .         Harm     .   (gloves unavailable)
MR       +....                  (boots unavailable)
Stlth    ++........             p - +3 amulet of reflection
Regen    0.7/turn               P - +2 ring of strength
MPRegen  0.2/turn               e - ring of protection from magic

@: very slow
A: unfitting armour, claws 3, fast metabolism 3, gourmand, regeneration 1,
shaggy fur 1, tough skin 2
a: Bend Time, Temporal Distortion, Slouch, Step From Time, Renounce Religion


You were on level 1 of the Orcish Mines.
You worshipped Cheibriados.
Cheibriados was exalted by your worship.
You were very full.

You visited 3 branches of the dungeon, and saw 11 of its levels.

You collected 474 gold pieces.
You spent 48 gold pieces at shops.

Inventory:

Missiles
 K - 5 large rocks (quivered)
Armour
 a - a +0 robe (worn)
 o - a +0 cloak (worn)
Jewellery
 e - a ring of protection from magic (right claw)
 g - a +2 ring of intelligence {unknown}
 n - an uncursed ring of protection from cold
 p - a +3 amulet of reflection (around neck)
 G - an uncursed ring of resist corrosion
 O - an uncursed ring of positive energy
 P - a +2 ring of strength (left claw)
Wands
 C - a wand of polymorph (10/24)
 E - a wand of scattershot (5/9)
 H - a wand of confusion (20/48)
 M - a wand of flame (22/48)
 Q - a wand of confusion (25/48)
Scrolls
 d - 2 scrolls of immolation
 f - 3 scrolls of magic mapping
 h - 4 scrolls of teleportation
 q - a scroll of amnesia {unknown}
 s - a scroll of fear {unknown}
 u - 2 scrolls of enchant armour {unknown}
 v - 3 scrolls of enchant weapon {unknown}
 w - 2 scrolls of fog {unknown}
 y - 4 scrolls of remove curse
Potions
 i - 2 potions of might {unknown}
 j - 3 potions of flight
 k - 2 potions of ambrosia
 m - 3 potions of lignification {unknown}
 r - 4 potions of heal wounds {unknown}
 x - 3 potions of resistance {unknown}
 A - 2 potions of brilliance {unknown}
 B - 2 potions of haste {unknown}
 I - a potion of curing
Comestibles
 b - 8 bread rations
 c - 11 royal jellies
 l - 2 meat rations
 D - 11 fruits


   Skills:
 + Level 5.3 Fighting
 + Level 2.0 Throwing
 + Level 6.8 Dodging
 - Level 1.0 Stealth
 + Level 14.0 Unarmed Combat
 * Level 4.6 Evocations


You had 10 spell levels left.
You didn't know any spells.

Dungeon Overview and Level Annotations

Branches:
Dungeon (9/15)             Temple (1/1) D:5             Orc (1/2) D:9
   Lair: D:8-11

Altars:
Ashenzari
Cheibriados
Dithmenos
Elyvilon
Fedhas
Gozag
Hepliaklqana
Kikubaaqudgha
Makhleb
Nemelex Xobeh
Okawaru
Qazlal
Ru
Sif Muna
Trog
Uskayaw
Vehumet
Xom
Yredelemnul
Zin
The Shining One

Shops:
D:8 *


Innate Abilities, Weirdness & Mutations

You are too large for most types of armour.
You have claws for hands.
Your metabolism is lightning-fast.
You like to eat raw meat.
Your natural rate of healing is unusually fast.
You are covered in fur. (AC +1)
You have very tough skin. (AC +2)


Message History

A stone giant comes into view.
The stone giant shouts!
The stone giant throws a large rock.
The large rock hits you!!!
The stone giant throws a large rock.
The large rock hits you!
You see here 2 large rocks.
You are too injured to fight recklessly!
Throwing (i - inventory):
K - 7 large rocks (quivered)
Press: ? - help, Shift-Dir - straight line, f - stone giant
Aim: a stone giant You throw a large rock.
The large rock hits the stone giant!!!
The stone giant is heavily wounded.
The stone giant throws a large rock.
The large rock hits you!
* * * LOW HITPOINT WARNING * * *
Throwing (i - inventory):
K - 6 large rocks (quivered)
Press: ? - help, Shift-Dir - straight line, f/p - stone giant
Aim: a stone giant (heavily wounded)
You throw a large rock. The large rock hits the stone giant!!
The stone giant is severely wounded.
The stone giant throws a large rock.
The large rock hits you!!!
You die...

#..###...##..#.##
#.... ##.....####
.....# #<...####
#. .(# #.......##
# #C.#..###....##
#.....# ##....##
#..#######....#
#.....#......##
..#@..##..#.##
...##..#...###
#....### ##...#
##.## ###


You could see a stone giant.

Vanquished Creatures
  The ghost of Ymberto the Fighter, a journeyman HuHu of Okawaru (D:9)
  Erica (D:9)
  2 two-headed ogres
  An unseen horror (D:8)
  A centaur zombie (D:8)
  Joseph (D:8)
  A queen bee (D:8)
  A troll (D:9)
  3 hippogriffs
  11 yaks
  Eustachio (D:6)
  Menkaure (D:6)
  A water moccasin (D:5)
  2 ice beasts
  2 orc warriors (D:9)
  A swamp drake (D:9)
  2 black bears
  5 ogres
  2 sky beasts
  A centaur (D:8)
  5 bullfrogs
  A gnoll sergeant (D:7)
  A water moccasin zombie (D:9)
  A wyvern skeleton (D:8)
  5 scorpions
  18 killer bees
  A howler monkey (D:6)
  4 crimson imps
  A bullfrog zombie (D:8)
  A quasit (D:8)
  4 hounds
  6 orc priests
  A centaur skeleton (D:6)
  2 jellies
  Crazy Yiuf (D:2)
  4 hell rats (D:7)
  3 iguanas
  10 orc wizards
  6 worker ants
  A worker ant zombie (D:6)
  11 gnolls
  A howler monkey skeleton (D:6)
  14 adders
  6 river rats (D:7)
  3 shadow imps
  An ooze (D:5)
  2 adder skeletons
  An adder zombie (D:5)
  3 worms
  3 dart slugs
  2 leopard geckos
  30 orcs
  2 ball pythons
  3 giant cockroaches
  12 goblins
  9 hobgoblins
  9 jackals
  11 quokkas
  7 bats
  6 frilled lizards
  A jackal skeleton (D:4)
  8 kobolds
  A quokka zombie (D:7)
  22 rats
  A butterfly (D:5)
286 creatures vanquished.

Notes
Turn   | Place    | Note
-------+----------+-------------------------------------------
     0 | D:1      | Linguinho the Troll Monk began the quest for the Orb.
     0 | D:1      | Reached XP level 1. HP: 22/22 MP: 0/0
   247 | D:1      | Reached XP level 2. HP: 17/29 MP: 1/1
   287 | D:1      | Reached XP level 3. HP: 36/36 MP: 2/2
   873 | D:2      | Reached XP level 4. HP: 35/44 MP: 3/3
  1037 | D:2      | Reached skill level 4 in Unarmed Combat
  1441 | D:2      | Found a runed door.
  1532 | D:2      | Reached XP level 5. HP: 53/53 MP: 4/4
  1699 | D:2      | Noticed Crazy Yiuf
  1705 | D:2      | Killed Crazy Yiuf
  2725 | D:4      | Reached skill level 5 in Unarmed Combat
  2727 | D:4      | Reached XP level 6. HP: 38/61 MP: 5/5
  2919 | D:4      | Reached skill level 6 in Unarmed Combat
  3677 | D:4      | Reached XP level 7. HP: 41/67 MP: 6/6
  3693 | D:5      | Entered Level 5 of the Dungeon
  3710 | D:5      | Reached skill level 7 in Unarmed Combat
  4212 | D:5      | Found a staircase to the Ecumenical Temple.
  4217 | Temple   | Entered the Ecumenical Temple
  4224 | Temple   | Became a worshipper of Cheibriados the Contemplative
  4224 | Temple   | Reached * piety under Cheibriados
  4224 | Temple   | Reached ** piety under Cheibriados
  4268 | D:6      | Noticed Menkaure
  4275 | D:6      | Killed Menkaure
  4275 | D:6      | Reached skill level 8 in Unarmed Combat
  4275 | D:6      | Reached XP level 8. HP: 53/78 MP: 7/7
  4639 | D:6      | Reached skill level 9 in Unarmed Combat
  4749 | D:6      | Noticed Eustachio
  4757 | D:6      | Killed Eustachio
  4757 | D:6      | Reached skill level 5 in Dodging
  4766 | D:6      | Reached *** piety under Cheibriados
  5007 | D:6      | Noticed a dagger
  5007 | D:6      | Noticed a hand axe
  5034 | D:6      | Found a hide-covered altar of Uskayaw.
  5216 | D:7      | Found a shadowy altar of Dithmenos.
  5241 | D:7      | Reached XP level 9. HP: 84/84 MP: 8/8
  5344 | D:7      | Reached skill level 10 in Unarmed Combat
  5600 | D:7      | Reached **** piety under Cheibriados
  5601 | D:7      | Reached skill level 1 in Evocations
  5849 | D:7      | Reached skill level 11 in Unarmed Combat
  5854 | D:7      | Reached skill level 1 in Throwing
  6001 | D:8      | Killed an unseen horror
  6001 | D:8      | Reached ***** piety under Cheibriados
  6014 | D:8      | Found Feeng's General Store.
  6018 | D:8      | Bought a scroll of teleportation for 48 gold pieces
  6029 | D:8      | Reached XP level 10. HP: 86/94 MP: 10/10
  6052 | D:8      | Reached skill level 12 in Unarmed Combat
  6315 | D:8      | Found a white marble altar of Elyvilon.
  6353 | D:8      | Noticed a two-headed ogre
  6357 | D:8      | Killed a two-headed ogre
  6492 | D:8      | Noticed Joseph
  6495 | D:8      | Killed Joseph
  6800 | D:8      | Reached skill level 13 in Unarmed Combat
  7295 | D:9      | Reached XP level 11. HP: 75/101 MP: 11/13
  7328 | D:9      | Found a bloodstained altar of Trog.
  7329 | D:9      | Reached ****** piety under Cheibriados
  7507 | D:9      | Noticed a two-headed ogre
  7508 | D:9      | Noticed Ymberto's ghost (journeyman HuHu)
  7513 | D:9      | Killed a two-headed ogre
  7527 | D:9      | Killed Ymberto's ghost
  7527 | D:9      | Reached skill level 5 in Fighting
  7830 | D:9      | Found a staircase to the Orcish Mines.
  7831 | D:9      | Noticed Erica
  7842 | D:9      | Killed Erica
  8162 | D:9      | Reached skill level 14 in Unarmed Combat
  8238 | Orc:1    | Entered Level 1 of the Orcish Mines
  8270 | Orc:1    | Noticed a stone giant
  8274 | Orc:1    | Hit by a large rock thrown by a stone giant

Skill      XL: |  1  2  3  4  5  6  7  8  9 10 11 |
---------------+----------------------------------+-----
Dodging        | 3 4 5 6 |  6.8
Unarmed Combat | 4 5 6 8 9 11 13 14 | 14.0
Fighting       | 3 4 5 |  5.3
Evocations     | 2 4 |  4.6
Throwing       | 1 2 |  2.0
Stealth        | |  1.0

Action                   |  1- 3 |  4- 6 |  7- 9 | 10-12 || total
-------------------------+-------+-------+-------+-------++-------
Melee: Unarmed           |    70 |   183 |   281 |   196 ||   730
       Punch             |       |     1 |    14 |    17 ||    32
Throw: Large rock        |       |       |     3 |    10 ||    13
Invok: Bend Time         |       |       |       |     1 ||     1
  Use: Scroll            |       |     4 |       |     6 ||    10
 Stab: Sleeping          |     1 |     3 |     3 |     6 ||    13
       Distracted        |       |       |     1 |       ||     1
  Eat: Chunk             |     5 |    30 |    17 |    17 ||    69
Armor: Robe              |    25 |    58 |    67 |    43 ||   193
Dodge: Dodged            |    32 |    84 |   130 |   179 ||   425
Block: Other             |       |    11 |    25 |    31 ||    67
